[Event "ICCopen2017"]
[Site "Internet Chess Club"]
[Date "2017.03.26"]
[Round "1"]
[White "kutittaja"]
[Black "trianon"]
[Result "0-1"]
[ICCResult "White checkmated"]
[WhiteElo "1583"]
[BlackElo "2306"]
[Opening "English: Mikenas-Carls, Sicilian variation"]
[ECO "A19"]
[NIC "EO.64"]
[Time "19:01:28"]
[TimeControl "180+0"]

1. c4 Nf6 2. Nc3 e6 3. e4 c5 4. d3 Nc6 5. g3 d5 6. Bg2 d4 7. Nce2 e5 8. h3
Be7 9. f4 Qc7 10. Nf3 Bd7 11. O-O h6 12. Rb1 Rb8 13. b3 a6 14. Kh2 b5 15.
fxe5 Nxe5 16. Bf4 Bd6 17. Qd2 bxc4 18. bxc4 Ke7 19. Nxe5 Bxe5 20. Bxe5 Qxe5
21. Nf4 Rxb1 22. Rxb1 Rb8 23. Rxb8 Qxb8 24. Nd5+ Nxd5 25. exd5 Qb6 26. Qe2+
Kf8 27. Be4 a5 28. Qf2 a4 29. Bf5 Be8 30. h4 Qf6 31. Kg2 g6 32. Bg4 Qxf2+
33. Kxf2 a3 34. Bd1 Ke7 35. Kf3 Kd6 36. Kf4 Bd7 37. g4 f6 38. g5 fxg5+ 39.
hxg5 h5 40. Kg3 Bf5 41. Be2 Ke5 42. Bf1 Bd7 43. Be2 Ba4 44. Kh4 Bb3 45. Bxh5
Bxa2 46. Bxg6 Bb3 47. Be8 a2 48. g6 a1=Q 49. g7 Qh1+ 50. Kg5 Qg2+ 51. Kh6
Qh2+ 52. Kg6 Qg3+ 53. Kh6 Qh4+ 54. Kg6 Qg4+ 55. Kh6 Bd1 56. Bf7 Qh4+ 57. Kg6
Bh5+ 58. Kh7 Bxf7# {White checkmated} 0-1

[Event "ICCopen2017"]
[Site "Internet Chess Club"]
[Date "2017.03.26"]
[Round "1"]
[White "garompon"]
[Black "LiangLiang"]
[Result "1-0"]
[ICCResult "Black checkmated"]
[WhiteElo "2581"]
[BlackElo "1722"]
[Opening "Sicilian: Najdorf, 6.f4"]
[ECO "B93"]
[NIC "SI.12"]
[Time "19:02:46"]
[TimeControl "180+0"]

1. e4 c5 2. Nf3 d6 3. d4 cxd4 4. Nxd4 Nf6 5. Nc3 a6 6. f4 e6 7. Qf3 Qc7 8.
Be3 Be7 9. O-O-O b5 10. Bd3 Bb7 11. a3 Nbd7 12. g4 h5 13. g5 Ng4 14. Bg1 e5
15. Nf5 exf4 16. Nxe7 Kxe7 17. Qxf4 Nge5 18. Bd4 Rac8 19. Rhf1 Rhf8 20. Kb1
f6 21. gxf6+ Rxf6 22. Qg5 Rf8 23. Qxg7+ R8f7 24. Qg5 Nf8 25. Nd5+ Bxd5 26.
exd5 Nfd7 27. Rxf6 Rxf6 28. Bf5 Qc4 29. Bxd7 Kxd7 30. Qxf6 Qxd5 31. Qf5+ Kc6
32. Qc8# {Black checkmated} 1-0

[Event "ICCopen2017"]
[Site "Internet Chess Club"]
[Date "2017.03.26"]
[Round "1"]
[White "Tal-Baron"]
[Black "kamalchandran"]
[Result "1-0"]
[ICCResult "Black checkmated"]
[WhiteElo "2773"]
[BlackElo "1788"]
[Opening "King's Indian defense, 3.Nc3"]
[ECO "E61"]
[NIC "KI.20"]
[Time "19:02:04"]
[TimeControl "180+0"]

1. d4 Nf6 2. c4 g6 3. Nc3 Bg7 4. Nf3 O-O 5. h3 d6 6. e4 e5 7. d5 a5 8. g4
Na6 9. Be3 c6 10. Be2 cxd5 11. cxd5 Nd7 12. h4 Nac5 13. h5 f5 14. hxg6 hxg6
15. gxf5 gxf5 16. exf5 Rxf5 17. Qc2 Nb6 18. O-O-O a4 19. Rdg1 Kf8 20. Nh4
Rf7 21. Qh7 Qf6 22. Rg6 Bf5 23. Nxf5 Qxf5 24. Rxg7 Qxh7 25. Rgxh7 Rg7 26.
Bh6 Nxd5 27. Nxd5 Kf7 28. Rxg7+ Ke6 29. Nc7+ Kf5 30. Rh5+ Ke4 31. Rg4#
{Black checkmated}
1-0

[Event "ICCopen2017"]
[Site "Internet Chess Club"]
[Date "2017.03.26"]
[Round "1"]
[White "Ataraxia"]
[Black "Bishopmate"]
[Result "1-0"]
[ICCResult "Black forfeits on time"]
[WhiteElo "1920"]
[BlackElo "1239"]
[Opening "QGD semi-Slav: 5.e3"]
[ECO "D45"]
[NIC "SL.08"]
[Time "19:02:21"]
[TimeControl "180+0"]

1. d4 d5 2. c4 c6 3. Nf3 Nf6 4. e3 e6 5. Nc3 Bb4 6. Be2 Bxc3+ 7. bxc3 Nbd7
8. O-O O-O 9. Rb1 Re8 10. Qc2 e5 11. Nd2 e4 12. Ba3 Qa5 13. Bb4 Qd8 14. cxd5
cxd5 15. c4 Nb6 16. Ba5 Qe7 17. Bxb6 axb6 18. Rxb6 dxc4 19. Bxc4 Qa3 20.
Rfb1 Be6 21. Rxb7 Bxc4 22. Nxc4 Qxa2 23. Qxa2 Rxa2 24. Nd6 Rf8 25. Re7 Ra6
26. Nxe4 Nxe4 27. Rxe4 Rfa8 28. g3 g6 29. Rb7 Rf8 30. d5 Rd6 31. Rd4 Rfd8
32. e4 f5 33. exf5 Rxd5 34. Rxd5 Rxd5 35. fxg6 hxg6 36. Kg2 Rd6 37. h4 Rf6
38. f4 Rf7 39. Rxf7 {Black forfeits on time} 1-0

[Event "ICCopen2017"]
[Site "Internet Chess Club"]
[Date "2017.03.26"]
[Round "1"]
[White "carpedef"]
[Black "MoonlightWizard"]
[Result "0-1"]
[ICCResult "White forfeits on time"]
[WhiteElo "1807"]
[BlackElo "2792"]
[Opening "French: King's Indian attack"]
[ECO "C00"]
[NIC "FR.02"]
[Time "19:01:47"]
[TimeControl "180+0"]

1. e4 e6 2. d3 d5 3. Qe2 Nf6 4. e5 Nfd7 5. Nf3 c5 6. Bf4 Nc6 7. c3 Be7 8. h4
O-O 9. g3 b5 10. Bg2 Bb7 11. Nbd2 b4 12. c4 Nb6 13. O-O Qd7 14. h5 Rad8 15.
h6 g6 16. Rad1 Rfe8 17. Rfe1 a5 18. Nf1 Nd4 19. Nxd4 cxd4 20. b3 a4 21. Qd2
Ra8 22. Ra1 axb3 23. axb3 Ra3 24. Rab1 dxc4 25. dxc4 Bxg2 26. Kxg2 Qc6+ 27.
Kg1 Rd8 28. Nh2 d3 29. Bg5 Qc5 30. Ng4 Ra2 31. Qf4 d2 32. Red1 Rd3 33. Bxe7
Qxe7 34. Qe4 Rd8 35. Nf6+ Kh8 36. Qe3 Qc7 37. f4 Rc2 38. Ne4 Qc6 39. Rxd2
Rdxd2 40. Nxd2 Rc3 41. Qf2 Nd7 42. Re1 Nc5 43. Nf3 Nd3 44. Qd2 Qc5+ 45. Kh2
Qf2+ {White forfeits on time} 0-1

[Event "ICCopen2017"]
[Site "Internet Chess Club"]
[Date "2017.03.26"]
[Round "1"]
[White "Incognito"]
[Black "marabu"]
[Result "0-1"]
[ICCResult "White forfeits on time"]
[WhiteElo "1495"]
[BlackElo "2118"]
[Opening "Philidor: Improved Hanham variation"]
[ECO "B07"]
[NIC "PU.08"]
[Time "19:01:46"]
[TimeControl "180+0"]

1. e4 d6 2. d4 Nf6 3. Nc3 e5 4. Nf3 Nbd7 5. h3 Be7 6. g4 c6 7. a4 a5 8. Bg2
O-O 9. O-O Qc7 10. b3 Re8 11. Bb2 Nf8 12. d5 Ng6 13. Bc1 Nxg4 14. hxg4 Bxg4
15. Qd3 h5 16. Nh2 Qd7 17. Nxg4 hxg4 18. f4 exf4 19. Bxf4 Nxf4 20. Rxf4 Bg5
21. Rf5 f6 22. Qg3 g6 23. Rf2 Kg7 24. Re1 Re5 25. Rfe2 Rh8 26. Rd1 Rh5 27.
Ree1 Qe7 28. dxc6 bxc6 29. Re2 Qe6 30. Rd3 Rh4 31. Kf1 Qe7 32. Ke1 Rh8 33.
Kd1 Qe6 34. Bf1 Bh4 35. Qg2 g3 36. Kc1 Bg5+ 37. Kb2 Bf4 38. Qf3 g5 39. Rg2
Rh2 40. Ne2 Rxe4 41. Nxf4 Qe5+ 42. c3 gxf4 43. Rxh2 gxh2 44. Qg2+ Kf7 45.
Qxh2 Re3 46. Qh7+ Ke6 47. Bh3+ f5 48. Qg6+ Qf6 49. Bxf5+ Ke7 50. Rxe3+ fxe3
51. Qxf6+ Kxf6 52. Bd3 Ke5 53. Kc2 Kf4 54. Be2 c5 55. Kd3 d5 56. c4 d4 57.
Bf1 Kg3 58. Ke2 Kf4 59. Bg2 Ke5 60. Bd5 Kf4 61. Bf3 Kg3 62. Be4 Kf4 63. Bd3
Kg3 64. Kf1 Kf4 65. Kg2 e2 66. Bxe2 Ke3 67. Kf1 Kd2 68. Kf2 Kc2 69. Ke1 d3
70. Bd1+ Kc1 71. Bf3 d2+ 72. Kf2 Kc2 {White forfeits on time} 0-1

[Event "ICCopen2017"]
[Site "Internet Chess Club"]
[Date "2017.03.26"]
[Round "1"]
[White "A4-H5"]
[Black "aplusk"]
[Result "0-1"]
[ICCResult "White checkmated"]
[WhiteElo "1779"]
[BlackElo "2764"]
[Opening "English: symmetrical variation"]
[ECO "A30"]
[NIC "EO.64"]
[Time "19:01:57"]
[TimeControl "180+0"]

1. c4 c5 2. Nf3 g6 3. d4 Bg7 4. dxc5 Qa5+ 5. Bd2 Qxc5 6. Bc3 Nf6 7. Qd4 Qxd4
8. Bxd4 Nc6 9. Bc3 O-O 10. g3 d5 11. cxd5 Nxd5 12. Bxg7 Kxg7 13. Na3 Nb6 14.
Bg2 Na4 15. b3 Nc3 16. Nb1 Nxb1 17. Rxb1 Nb4 18. Rb2 Bd7 19. O-O Bc6 20. a3
Na6 21. Ne5 Bxg2 22. Kxg2 f6 23. Nc4 Rfd8 24. Na5 Rd7 25. Rc1 Rad8 26. Rbc2
e5 27. h4 Kf7 28. Rc7 Rxc7 29. Rxc7+ Nxc7 30. Nxb7 Rd2 31. Kf3 Ne6 32. e3 f5
33. a4 e4+ 34. Kg2 h6 35. Kf1 g5 36. hxg5 hxg5 37. Ke1 Rd7 38. Na5 Rc7 39.
Kd2 Rc5 40. b4 Rxa5 41. bxa5 Ke7 42. Kc3 Kd6 43. Kc4 Kc6 44. Kb4 a6 45. Kc4
g4 46. Kb4 Kd5 47. Kb3 Nc5+ 48. Kb4 Nd3+ 49. Kc3 Nxf2 50. Kd2 Nh1 51. Ke2
Nxg3+ 52. Kf2 Nh5 53. Kg2 Kc4 54. Kf2 Kb4 55. Ke2 Kxa5 56. Kd2 Kxa4 57. Kc3
Kb5 58. Kd4 a5 59. Ke5 Ng3 60. Kf4 a4 61. Kxg3 Kc4 62. Kf4 Kd3 63. Kxf5 g3
64. Kf4 g2 65. Kg3 a3 66. Kh2 Kxe3 67. Kg1 a2 68. Kh2 Kf3 69. Kg1 a1=Q+ 70.
Kh2 Qh8+ 71. Kg1 Qh1# {White checkmated} 0-1

[Event "ICCopen2017"]
[Site "Internet Chess Club"]
[Date "2017.03.26"]
[Round "1"]
[White "FytinFrank"]
[Black "knightspirit"]
[Result "1-0"]
[ICCResult "Black checkmated"]
[WhiteElo "1895"]
[BlackElo "1222"]
[Opening "Vienna gambit"]
[ECO "C25"]
[NIC "VG.04"]
[Time "19:02:04"]
[TimeControl "180+0"]

1. e4 e5 2. Nc3 Nc6 3. f4 f6 4. Nf3 Bc5 5. fxe5 fxe5 6. Nxe5 Bf2+ 7. Kxf2
Nxe5 8. Qh5+ Ng6 9. e5 d5 10. d4 Ne7 11. Bd3 O-O+ 12. Kg1 Bf5 13. Bg5 h6 14.
Bxf5 Rxf5 15. Bxe7 Nxe7 16. Qg4 Qf8 17. h3 Rf2 18. Qe6+ Kh8 19. Nxd5 Nxd5
20. Qxd5 Rd8 21. Qe4 c5 22. d5 c4 23. Qxc4 Rc8 24. Qe4 Rcxc2 25. Rh2 Qc5 26.
Kh1 Qa5 27. Rg1 Qd2 28. e6 Rc1 29. e7 Rxg1+ 30. Kxg1 g5 31. e8=Q+ Kg7 32.
Q8g6+ Kf8 33. Qee8# {Black checkmated} 1-0

[Event "ICCopen2017"]
[Site "Internet Chess Club"]
[Date "2017.03.26"]
[Round "1"]
[White "arshavin2015"]
[Black "x-plica"]
[Result "1-0"]
[ICCResult "Black checkmated"]
[WhiteElo "1965"]
[BlackElo "1359"]
[Opening "French: King's Indian attack"]
[ECO "C00"]
[NIC "FR.02"]
[Time "19:01:59"]
[TimeControl "180+0"]

1. e4 e6 2. d3 c5 3. Nf3 Nc6 4. g3 h6 5. Bg2 Be7 6. Qe2 a6 7. c3 d6 8. d4
cxd4 9. cxd4 Nf6 10. Nc3 O-O 11. O-O Bd7 12. b3 Rc8 13. Bb2 Nb4 14. a3 Nc6
15. Rfd1 Qb6 16. b4 Rfe8 17. e5 Nd5 18. Ne4 dxe5 19. dxe5 f5 20. exf6 Bf8
21. fxg7 Bxg7 22. Bxg7 Kxg7 23. Nh4 Nf6 24. Nxf6 Kxf6 25. Rxd7 Ne5 26. Rdd1
Rg8 27. Qb2 Rcf8 28. Re1 Rg5 29. Nf3 Rf5 30. Rxe5 Ke7 31. Rxf5 Rxf5 32. Re1
Rd5 33. Qe2 Qd6 34. h4 Kd7 35. Ne5+ Rxe5 36. Qxe5 Qxe5 37. Rxe5 Kd6 38.
Rxe6+ Kxe6 39. Bxb7 Kd6 40. Bxa6 Kc6 41. b5+ Kb6 42. g4 Kc7 43. g5 hxg5 44.
hxg5 Kd7 45. g6 Ke7 46. b6 Kf6 47. b7 Kxg6 48. b8=Q Kg5 49. Qe5+ Kg6 50. Qf4
Kg7 51. Be2 Kg6 52. a4 Kg7 53. a5 Kg6 54. a6 Kg7 55. a7 Kg6 56. a8=Q Kg7 57.
Qg2+ Kh7 58. Qfh2# {Black checkmated} 1-0

[Event "ICCopen2017"]
[Site "Internet Chess Club"]
[Date "2017.03.26"]
[Round "1"]
[White "Cubitas"]
[Black "ALexiz"]
[Result "1-0"]
[ICCResult "Black forfeits on time"]
[WhiteElo "2467"]
[BlackElo "1658"]
[Opening "Sicilian defense"]
[ECO "B20"]
[NIC "SI.48"]
[Time "19:01:56"]
[TimeControl "180+0"]

1. e4 c5 2. d3 Nc6 3. Nf3 g6 4. g3 Bg7 5. Bg2 d6 6. O-O e6 7. c3 Nge7 8. d4
O-O 9. Bg5 h6 10. Be3 b6 11. Qd2 Kh7 12. Na3 Rb8 13. Nc2 Ba6 14. Rfe1 Qc7
15. h4 Rbd8 16. d5 Ne5 17. Nxe5 dxe5 18. Rad1 Rd6 19. b3 Rfd8 20. c4 Bb7 21.
Qc1 a6 22. Bh3 exd5 23. cxd5 f5 24. h5 fxe4 25. hxg6+ Kxg6 26. Qb1 Bxd5 27.
Na3 b5 28. Rxd5 Rxd5 29. Qxe4+ Kf7 30. f4 Kg8 31. Be6+ Kh8 32. Bxd5 Nxd5 33.
fxe5 Qxe5 34. Qxe5 Bxe5 35. Bxc5 Bxg3 36. Re6 Bf4 37. Nc2 a5 38. Kg2 Bg5 39.
Kh2 a4 40. Nd4 axb3 41. axb3 b4 42. Nf5 Rc8 43. Bd4+ Kh7 44. Ra6 Rc2+ 45.
Kg1 Nf4 46. Be3 Ne2+ 47. Kf1 Bxe3 48. Nxe3 Rb2 49. Nd5 Nc3 50. Nf6+ Kg7 51.
Nh5+ Kf8 52. Nf4 {Black forfeits on time} 1-0

[Event "ICCopen2017"]
[Site "Internet Chess Club"]
[Date "2017.03.26"]
[Round "1"]
[White "lexa"]
[Black "ziggyalbert"]
[Result "1-0"]
[ICCResult "Black forfeits on time"]
[WhiteElo "1944"]
[BlackElo "1307"]
[Opening "Sicilian defense"]
[ECO "B32"]
[NIC "SI.32"]
[Time "19:02:03"]
[TimeControl "180+0"]

1. e4 c5 2. Nf3 Nc6 3. d4 cxd4 4. Nxd4 Qa5+ 5. Nc3 d6 6. Be3 Bd7 7. Bd3 Nf6
8. f3 g6 9. O-O Bg7 10. a3 O-O 11. Kh1 Qc7 12. Qd2 Rfe8 13. Rae1 e5 14. Nde2
Nd4 15. Nxd4 exd4 16. Bxd4 b6 17. Bxf6 Bxf6 18. Nd5 Qd8 19. Nxf6+ Qxf6 20.
c3 a6 21. h3 b5 22. Bc2 Be6 23. Qxd6 Red8 24. Qg3 Qe7 25. Rd1 Bc4 26. Rfe1
Qe6 27. Rxd8+ Rxd8 28. Rd1 Rxd1+ 29. Bxd1 Bb3 30. Bxb3 Qxb3 31. Qf2 Qd1+ 32.
Kh2 Qd6+ 33. f4 Qd3 34. e5 Qf5 35. Qd2 Kg7 36. Qd4 Qe6 37. g3
{Black forfeits on time}
1-0

[Event "ICCopen2017"]
[Site "Internet Chess Club"]
[Date "2017.03.26"]
[Round "1"]
[White "BlueJ"]
[Black "cgi-chess"]
[Result "1-0"]
[ICCResult "Black forfeits on time"]
[WhiteElo "2024"]
[BlackElo "1394"]
[Opening "English: symmetrical variation"]
[ECO "A30"]
[NIC "EO.64"]
[Time "19:02:30"]
[TimeControl "180+0"]

1. c4 c5 2. Nf3 d6 3. d4 cxd4 4. Nxd4 a6 5. Nc3 e6 6. g3 Nf6 7. Bg2 Qc7 8.
b3 Be7 9. Bb2 Nc6 10. O-O Bd7 11. Rc1 Qb8 12. e4 O-O 13. h3 Ne5 14. f4 Ng6
15. Kh1 Qc7 16. Qe2 Rad8 17. b4 Nh8 18. e5 Ne8 19. exd6 Nxd6 20. c5 Ne8 21.
Ne4 Nf6 22. Ng5 h6 23. Ngf3 Nd5 24. a3 Bf6 25. Ne5 Bc6 26. Ndxc6 bxc6 27.
Rfe1 Bxe5 28. Bxe5 Qe7 29. Qxa6 Ng6 30. Bd6 Rxd6 31. cxd6 Qxd6 32. Qxc6 Qxc6
33. Rxc6 Nf6 34. b5 Ne7 35. Rc7 Nc8 36. a4 Nd5 37. Bxd5 exd5 38. a5 Rd8 39.
b6 {Black forfeits on time} 1-0

[Event "ICCopen2017"]
[Site "Internet Chess Club"]
[Date "2017.03.26"]
[Round "1"]
[White "Sophiste"]
[Black "DoctorWho"]
[Result "1-0"]
[ICCResult "Black forfeits on time"]
[WhiteElo "3174"]
[BlackElo "1831"]
[Opening "Queen's pawn"]
[ECO "A40"]
[NIC "QP.05"]
[Time "19:02:14"]
[TimeControl "180+0"]

1. d4 e6 2. Nf3 Nf6 3. Bf4 c5 4. e3 Nc6 5. c3 Qb6 6. Qb3 d5 7. Nbd2 c4 8.
Qc2 Nh5 9. Bg5 f6 10. Bh4 g5 11. g4 Ng7 12. Bg3 Bd7 13. h4 gxh4 14. Rxh4
O-O-O 15. O-O-O h5 16. Be2 e5 17. dxe5 fxe5 18. Nxe5 Nxe5 19. Bxe5 Be7 20.
Rh2 Bf6 21. Bxf6 Qxf6 22. gxh5 Bf5 23. Qa4 Rd6 24. a3 Bh7 25. Rg1 Ne6 26.
Bg4 Kb8 27. Qb4 Rb6 28. Qa5 Rd8 29. f4 Ra6 30. Qb5 Rb6 31. Qa5 Ra6 32. Qb4
Rdd6 33. Bxe6 Qxe6 34. Qc5 Qf5 35. e4 Qxf4 36. Rf2 Qh6 37. Rgf1 Rf6 38. Qe7
{Black forfeits on time}
1-0

[Event "ICCopen2017"]
[Site "Internet Chess Club"]
[Date "2017.03.26"]
[Round "1"]
[White "gannikus1992"]
[Black "rickky20"]
[Result "0-1"]
[ICCResult "White resigns"]
[WhiteElo "2363"]
[BlackElo "1650"]
[Opening "Caro-Kann: advance variation"]
[ECO "B12"]
[NIC "CK.04"]
[Time "19:02:22"]
[TimeControl "180+0"]

1. e4 c6 2. d4 d5 3. e5 Bf5 4. Nf3 e6 5. Be2 Nd7 6. O-O Ne7 7. Nbd2 c5 8. c4
Rc8 9. cxd5 Nxd5 10. Nc4 Be7 11. Bg5 O-O 12. Bxe7 Qxe7 13. Nd6 Rc7 14. Nxf5
exf5 15. Bc4 N5b6 16. Bb3 cxd4 17. Qxd4 Nc5 18. Rac1 g6 19. h4 Nxb3 20. axb3
Rd8 21. Qf4 Nd5 22. Qh6 Qf8 23. Qg5 Qe7 24. Rxc7 Qxg5 25. Nxg5 Nxc7 26. Rc1
Na6 27. Kh2 h6 28. Nf3 Kg7 29. Kg3 Rd7 30. Rc8 b6 31. Ra8 Nc5 32. b4 Ne6 33.
Kh2 Rc7 34. g3 f4 35. Kg2 g5 36. hxg5 hxg5 37. g4 Rd7 38. Kf1 Kg6 39. Ke2
Nd4+ 40. Nxd4 Rxd4 41. Rxa7 Rxb4 42. Rd7 Rxb2+ 43. Kf3 Rb5 44. Rd6+ Kg7 45.
Ke4 Rb2 46. f3 Rb3 47. Kf5 Rxf3 48. Rd7 Re3 49. Kxg5 f3 50. Re7 f2 51. Kf4
Re1 52. Kg5 f1=Q 53. e6 Qf6+ {White resigns} 0-1

[Event "ICCopen2017"]
[Site "Internet Chess Club"]
[Date "2017.03.26"]
[Round "1"]
[White "leole51"]
[Black "chuckechess"]
[Result "0-1"]
[ICCResult "White checkmated"]
[WhiteElo "1680"]
[BlackElo "2506"]
[Opening "Sicilian: Richter-Rauzer, Rauzer attack, 7...a6 defense, 8...Bd7"]
[ECO "B67"]
[NIC "SI.30"]
[Time "19:02:13"]
[TimeControl "180+0"]

1. e4 c5 2. Nf3 d6 3. d4 cxd4 4. Nxd4 Nf6 5. Nc3 Nc6 6. Bg5 e6 7. Qd2 a6 8.
O-O-O Bd7 9. f4 b5 10. Bxf6 gxf6 11. Kb1 Qb6 12. Nxc6 Bxc6 13. f5 b4 14. Ne2
e5 15. Ng3 h5 16. Bc4 h4 17. Nf1 Bxe4 18. Qe2 Bc6 19. Ne3 Bh6 20. Nd5 Bxd5
21. Bxd5 Ra7 22. Qc4 Rc7 23. Qxh4 Bg7 24. Qe4 a5 25. Bb3 Qb7 26. Bd5 Qb6 27.
Qg4 Kf8 28. h4 a4 29. h5 a3 30. h6 Rxh6 31. Rxh6 Bxh6 32. Rh1 Qc5 33. Bb3
Qe3 34. Qxb4 axb2 35. Qb8+ Kg7 36. Qxc7 Qc1+ 37. Rxc1 bxc1=Q# {White
checkmated} 0-1

[Event "ICCopen2017"]
[Site "Internet Chess Club"]
[Date "2017.03.26"]
[Round "1"]
[White "ChessOptimist"]
[Black "gibert"]
[Result "1/2-1/2"]
[ICCResult "White ran out of time and Black has no material to mate"]
[WhiteElo "2069"]
[BlackElo "1493"]
[Opening "Bird's opening"]
[ECO "A03"]
[NIC "VO.07"]
[Time "19:01:40"]
[TimeControl "180+0"]

1. f4 d5 2. Nf3 e6 3. g3 Be7 4. Bg2 Nf6 5. O-O O-O 6. d3 b6 7. c3 Bb7 8. Qc2
c5 9. Ng5 h6 10. Nh3 Nbd7 11. Nf2 Rb8 12. e4 dxe4 13. dxe4 Qc7 14. Be3 e5
15. f5 Rbd8 16. g4 Nh7 17. Qe2 Bh4 18. Nd2 Qd6 19. Nf3 Bxf2+ 20. Bxf2 f6 21.
Rfd1 Qe7 22. Rd2 Nb8 23. Rad1 Rxd2 24. Rxd2 Rd8 25. Rxd8+ Qxd8 26. h4 Ba6
27. Qd2 Qd3 28. Qxd3 Bxd3 29. Nd2 Be2 30. Bh3 Nc6 31. Be1 Na5 32. b3 Nc6 33.
Kf2 Bd3 34. Ke3 Ba6 35. Bf1 Bb7 36. Bc4+ Kf8 37. Bd5 Ke7 38. Nf3 Kd6 39. Bd2
Bc8 40. Kd3 Ne7 41. Bf7 Bd7 42. g5 hxg5 43. hxg5 fxg5 44. Nxg5 Nxg5 45. Bxg5
Nc6 46. Bd5 Na5 47. b4 cxb4 48. cxb4 Nc6 49. Kc3 Nd4 50. f6 gxf6 51. Bxf6
Nb5+ 52. Kb3 Nc7 53. Bc4 Be6 54. Bxe6 Kxe6 55. Bg7 Nb5 56. Kc4 Nd4 57. a4 a6
58. a5 bxa5 59. bxa5 Nc6 60. Kc5 Nd4 61. Kb6 Nb3 62. Kxa6 Kd6 63. Bf8+ Kc6
64. Bb4 Nd4 65. Ka7 Kb5 66. Bc3 Nc6+ 67. Kb7 Nxa5+ 68. Bxa5 Kxa5 69. Kc6 Kb4
70. Kd6 Kc4 71. Kxe5 Kc5 72. Kf6 Kd6 73. e5+ Kd7 74. Kf7 Kc6
{White ran out of time and Black has no material to mate}
1/2-1/2

[Event "ICCopen2017"]
[Site "Internet Chess Club"]
[Date "2017.03.26"]
[Round "1"]
[White "owieczka"]
[Black "Jude"]
[Result "0-1"]
[ICCResult "White forfeits on time"]
[WhiteElo "1363"]
[BlackElo "1943"]
[Opening "English: Bremen, Smyslov system"]
[ECO "A22"]
[NIC "EO.24"]
[Time "19:02:21"]
[TimeControl "180+0"]

1. c4 e5 2. g3 Nf6 3. Nc3 Bb4 4. Bg2 Bxc3 5. dxc3 d6 6. Nf3 O-O 7. O-O h6 8.
h3 Re8 9. Be3 Nc6 10. Qd2 Kh7 11. Rad1 Qe7 12. Nh4 Ng8 13. b4 f5 14. Qc2 g6
15. c5 Be6 16. b5 Nd8 17. cxd6 cxd6 18. f4 e4 19. Qa4 Nf7 20. Bd4 b6 21. e3
Rac8 22. Rd2 Rc4 23. Qa3 Rec8 24. Rfd1 Nf6 25. Bf1 R4c7 26. Ng2 Bc4 27. Ne1
Bxf1 28. Kxf1 Nd7 29. Nc2 Nf8 30. Nb4 Ne6 31. Nd5 Qd7 32. Nxc7 Qxc7 33. Kf2
Qc4 34. Qb3 Kg8 35. Qxc4 Rxc4 36. Bf6 Kf8 37. Rxd6 Nxd6 38. Rxd6 Kf7 39. Be5
Ra4 40. Rd7+ Ke8 41. Rh7 Rxa2+ 42. Kg1 Nc5 43. Rh8+ Kd7 44. Rh7+ Ke6 45.
Rxh6 Kd5 {White forfeits on time} 0-1

[Event "ICCopen2017"]
[Site "Internet Chess Club"]
[Date "2017.03.26"]
[Round "1"]
[White "Darnoc"]
[Black "leonardoalmeida"]
[Result "1-0"]
[ICCResult "Black forfeits on time"]
[WhiteElo "2911"]
[BlackElo "1819"]
[Opening "QGD: 3.Nc3"]
[ECO "D31"]
[NIC "QO.17"]
[Time "19:02:30"]
[TimeControl "180+0"]

1. d4 e6 2. c4 d5 3. Nc3 dxc4 4. e4 a6 5. Bxc4 b5 6. Bb3 Bb7 7. d5 exd5 8.
Bxd5 Bxd5 9. Qxd5 Nd7 10. Bg5 Be7 11. Nf3 Bxg5 12. Nxg5 Nh6 13. O-O-O O-O
14. f4 Nb6 15. Qc5 Qf6 16. Rhf1 Rad8 17. g3 Nc4 18. h3 Qb6 19. Qxb6 cxb6 20.
Nd5 Rfe8 21. Rfe1 f6 22. Nf3 Nf7 23. b3 Na3 24. Kb2 b4 25. Nxb4 Nb5 26. a4
Rxd1 27. Rxd1 Nbd6 28. e5 fxe5 29. fxe5 Nf5 30. g4 Ne3 31. Rd3 Ng2 32. Nxa6
Nxe5 33. Nxe5 Rxe5 34. Nc7 Re2+ 35. Ka3 Nf4 36. Rf3 Ng6 37. Nd5 h6 38. Nxb6
Ne5 39. Rc3 Re1 40. a5 Rd1 41. Kb4 Rd8 42. a6 Rb8 43. a7
{Black forfeits on time}
1-0

[Event "ICCopen2017"]
[Site "Internet Chess Club"]
[Date "2017.03.26"]
[Round "1"]
[White "JohannesHaugish"]
[Black "VrloJakMK"]
[Result "0-1"]
[ICCResult "White forfeits on time"]
[WhiteElo "1472"]
[BlackElo "2030"]
[Opening "English: symmetrical, Benoni formation"]
[ECO "A31"]
[NIC "EO.46"]
[Time "19:02:52"]
[TimeControl "180+0"]

1. d4 Nf6 2. Nf3 c5 3. c4 cxd4 4. Nxd4 e5 5. Nb5 d5 6. cxd5 Bc5 7. N5c3 e4
8. e3 O-O 9. Be2 a6 10. a3 Bf5 11. b4 Bd6 12. Bb2 Qe7 13. Nd2 Nbd7 14. Nc4
Rfc8 15. Nxd6 Qxd6 16. Qd4 Rc7 17. O-O Rac8 18. Rac1 b5 19. Rfd1 h5 20. h3
Bg6 21. Rc2 Re8 22. Rdc1 Rb7 23. Rd2 Ne5 24. Nb1 Nd3 25. Bxd3 exd3 26. Rc5
Rd7 27. f3 Qg3 28. Rc1 Rxd5 29. Qf4 Qxf4 30. exf4 Nd7 31. Rcd1 Nb6 32. Nc3
Rd7 33. Ne4 Nc4 34. Rxd3 Rxd3 35. Rxd3 Bxe4 36. Rd6 Nxb2 37. fxe4 Rxe4 38.
Rxa6 Rxf4 39. Rb6 Rf5 40. g4 hxg4 41. hxg4 Rg5 42. Kf2 Nc4 43. Kf3 Nxb6 44.
Kf4 f6 45. Kg3 Na4 46. Kf3 Kf7 47. Ke2 Ke6 48. Ke3 Ke5 49. Kd2 Rxg4 50. Kc2
Kd4 51. Kd2 Rg2+ {White forfeits on time} 0-1

[Event "ICCopen2017"]
[Site "Internet Chess Club"]
[Date "2017.03.26"]
[Round "1"]
[White "Voltage"]
[Black "iragefree"]
[Result "1-0"]
[ICCResult "Black resigns"]
[WhiteElo "2452"]
[BlackElo "1646"]
[Opening "Benkö gambit: main line"]
[ECO "A58"]
[NIC "BI.41"]
[Time "19:02:36"]
[TimeControl "180+0"]

1. d4 Nf6 2. c4 c5 3. d5 b5 4. cxb5 a6 5. bxa6 g6 6. Nc3 Bxa6 7. e4 Bxf1 8.
Kxf1 d6 9. g3 Bg7 10. Kg2 O-O 11. Nf3 Nbd7 12. a4 Ra6 13. Ra3 Qa8 14. Re1 e6
15. Bf4 exd5 16. Nxd5 Nxd5 17. Qxd5 Nf6 18. Qxa8 Rfxa8 19. b3 Nh5 20. e5
Nxf4+ 21. gxf4 dxe5 22. fxe5 Rb6 23. Rc1 Bf8 24. Nd2 Rab8 25. Ne4 c4 26. b4
Bxb4 27. Rh3 h5 28. Rxc4 Be7 29. Rd3 Rb4 30. Rdc3 Rxc4 31. Rxc4 Rb2 32. Nf6+
Bxf6 33. exf6 Ra2 34. Rc8+ Kh7 35. Rf8 g5 36. Rxf7+ Kg6 37. Ra7 Kxf6 38. a5
g4 39. Ra8 h4 40. a6 Ra3 41. Rh8 h3+ 42. Kf1 Ra1+ 43. Ke2 Kg5 44. Rg8+ Kf4
45. Rg6 Ra2+ 46. Kd3 Rxf2 47. Rf6+ {Black resigns} 1-0

[Event "ICCopen2017"]
[Site "Internet Chess Club"]
[Date "2017.03.26"]
[Round "1"]
[White "TrendFriend"]
[Black "soyleyenda"]
[Result "1-0"]
[ICCResult "Black checkmated"]
[WhiteElo "2415"]
[BlackElo "1656"]
[Opening "Sicilian: accelerated fianchetto, modern variation with Bc4"]
[ECO "B35"]
[NIC "SI.31"]
[Time "19:01:58"]
[TimeControl "180+0"]

1. e4 c5 2. Nf3 Nc6 3. Nc3 g6 4. d4 cxd4 5. Nxd4 Bg7 6. Be3 Nf6 7. Bc4 O-O
8. Bb3 a5 9. f3 d5 10. exd5 Nb4 11. Nde2 a4 12. Nxa4 Nfxd5 13. Bf2 b5 14.
Nac3 Nxc3 15. Nxc3 Qxd1+ 16. Nxd1 Be6 17. O-O Bxb3 18. cxb3 Nxa2 19. Bc5
Rfe8 20. Kh1 e6 21. h3 Rec8 22. b4 Ra4 23. Rf2 Rca8 24. Rc2 h5 25. Kg1 Nxb4
26. Rxa4 Rxa4 27. Bxb4 Rxb4 28. Kf1 Be5 29. Ke2 Kg7 30. Kd2 Bf4+ 31. Kd3
Rb3+ 32. Nc3 b4 33. Kc4 bxc3 34. Kxb3 cxb2 35. Kxb2 Kf6 36. Kb3 e5 37. Kc4
Kg5 38. Kd5 f5 39. Ke6 Kh4 40. Kd5 Kg3 41. Re2 h4 42. Kc4 g5 43. Kd3 g4 44.
hxg4 fxg4 45. fxg4 Kxg4 46. Ke4 Kg3 47. Rc2 h3 48. gxh3 Kxh3 49. Kf3 Kh4 50.
Rg2 Kh5 51. Ke4 Kh4 52. Kf5 Kh3 53. Rg8 Kh2 54. Ke4 Bg3 55. Kf3 Bf4 56. Rh8+
Kg1 57. Rg8+ Kf1 58. Re8 Ke1 59. Ke4 Kd2 60. Rg8 Kc3 61. Rc8+ Kb4 62. Rc7
Kb5 63. Rc2 Kb4 64. Kd5 Kb5 65. Rc4 Kb6 66. Re4 Kb5 67. Re2 Kb6 68. Rc2 Kb7
69. Rb2+ Kc7 70. Ke6 Kd8 71. Rc2 Ke8 72. Rc8# {Black checkmated} 1-0